 Dungeon Crawl Stone Soup version 0.19.4 (webtiles) character file.

1318 Jerry the Carver (level 8, -3/71 HPs)
             Began as a Minotaur Monk on Jan 31, 2017.
             Was a Believer of Makhleb.
             Slain by an orc warrior
             ... wielding a cursed +0 battleaxe
              (14 damage)
             ... on level 6 of the Dungeon.
             The game lasted 00:14:50 (5567 turns).

Jerry the Carver (Minotaur Monk)                    Turns: 5567, Time: 00:14:50

Health: -3/71      AC: 10    Str: 19    XL:     8   Next: 33%
Magic:  7/7        EV: 12    Int:  7    God:    Makhleb [**....]
Gold:   260        SH:  0    Dex: 12    Spells: 0 memorised, 7 levels left

rFire  . . .     SeeInvis .     a - +0 falchion
rCold  . . .     Gourm    +     v - +0 scale mail
rNeg   . . .     Faith    .     (no shield)
rPois  .         Spirit   .     (helmet restricted)
rElec  .         Reflect  .     q - +0 cloak
rCorr  .         Harm     .     y - +0 pair of gloves
MR     .....                    b - +0 pair of boots
Stlth  ..........               m - amulet of the gourmand
                                (no ring)
                                (no ring)

@: no status effects
A: retaliatory headbutt, horns 2
a: Minor Destruction, Renounce Religion


You were on level 6 of the Dungeon.
You worshipped Makhleb.
Makhleb was pleased with you.
You were completely stuffed.

You visited 2 branches of the dungeon, and saw 7 of its levels.

You collected 260 gold pieces.

Inventory:

Hand Weapons
 a - a +0 falchion (weapon)
Missiles
 d - a throwing net (quivered)
Armour
 b - a +0 pair of boots (worn)
 q - a +0 cloak (worn)
 r - a +0 buckler
 v - a +0 scale mail (worn)
 y - a +0 pair of gloves (worn)
Jewellery
 m - an amulet of the gourmand (around neck)
Wands
 l - a wand of lightning (5/15)
 s - a wand of flame (16/48)
Scrolls
 e - 2 scrolls of remove curse
 f - 10 scrolls of identify
 j - a scroll of amnesia
 p - 3 scrolls of teleportation
 w - a scroll of fog
 x - 4 scrolls of enchant armour {unknown}
 B - a scroll of magic mapping {unknown}
 D - a scroll of brand weapon {unknown}
Potions
 g - 2 potions of heal wounds {unknown}
 h - 2 potions of lignification {unknown}
 n - 3 potions of curing {unknown}
 o - a potion of might {unknown}
 u - 3 potions of flight {unknown}
 z - 3 potions of mutation {unknown}
 A - a potion of brilliance {unknown}
Comestibles
 c - 4 bread rations
 i - 5 meat rations
 k - a royal jelly
 t - a beef jerky


   Skills:
 + Level 6.5 Fighting
 * Level 8.7 Long Blades
 + Level 4.7 Armour
 + Level 6.0 Dodging
 - Level 1.5 Stealth


You had 7 spell levels left.
You didn't know any spells.

Dungeon Overview and Level Annotations

Branches:
Dungeon (6/15)             Temple (1/1) D:4

Altars:
Ashenzari
Dithmenos
Elyvilon
Fedhas
Gozag
Hepliaklqana
Kikubaaqudgha
Makhleb
Nemelex Xobeh
Okawaru
Qazlal
Ru
Sif Muna
Trog
Uskayaw
Vehumet
Xom
Yredelemnul
Zin
The Shining One


Innate Abilities, Weirdness & Mutations

You reflexively headbutt those who attack you in melee.
You have a pair of horns on your head.


Message History

The orc warrior is heavily wounded.
You closely miss the orc warrior.
You headbutt the orc warrior, but do no damage.
The orc warrior is heavily wounded.
The orc warrior hits you with a battleaxe!!
* * * LOW HITPOINT WARNING * * *
You are too injured to fight recklessly!
You are too injured to fight recklessly!
Okay, then.
Okay, then.
You slash the orc warrior!
You headbutt the orc warrior, but do no damage.
The orc warrior is severely wounded.
The orc warrior closely misses you.
You closely miss the orc warrior. Your headbutt misses the orc warrior.
The orc warrior is severely wounded.
You hit the orc warrior.
The orc warrior is almost dead.
The orc warrior hits you with a battleaxe!
You die...

#.# #.... #.# #...# ...
#...# #.# #...# #.# ##
#...# #.# #.
#####...####### #.### #.
......)o).....###...###.
.......@..........#.....
....$.†.......###....##.
#####...####### #..#.##.
#...# ####.##. #...#
#.### #...# #.# #....
#.# ..... #.. #.#.#.


You could see an orc warrior.

Vanquished Creatures
  Sigmund (D:3)
  2 ice beasts (D:5)
  2 ogres (D:5)
  A centaur (D:5)
  A howler monkey (Temple)
  A crimson imp (D:5)
  3 orc priests
  5 orc wizards
  4 worker ants
  Robin (D:3)
  A howler monkey skeleton (D:5)
  6 gnolls
  6 adders
  3 adder skeletons
  A worm (D:3)
  2 dart slugs (D:2)
  9 leopard geckos
  24 orcs
  A ball python (D:2)
  6 giant cockroaches
  16 hobgoblins
  7 jackals
  2 bats (D:2)
  3 frilled lizards
  16 goblins
  A jackal skeleton (D:4)
  9 kobolds
  A leopard gecko zombie (D:5)
  A rat (D:1)
136 creatures vanquished.

Vanquished Creatures (others)
  An orc wizard (D:5)
1 creature vanquished.

Grand Total: 137 creatures vanquished

Notes
Turn   | Place    | Note
-------+----------+-------------------------------------------
     0 | D:1      | Jerry the Minotaur Monk began the quest for the Orb.
     0 | D:1      | Reached XP level 1. HP: 19/19 MP: 0/0
   318 | D:1      | Reached XP level 2. HP: 27/27 MP: 1/1
   381 | D:1      | Reached skill level 4 in Long Blades
   952 | D:2      | Reached XP level 3. HP: 33/33 MP: 2/2
   960 | D:2      | Reached skill level 1 in Armour
  1271 | D:2      | Reached XP level 4. HP: 34/40 MP: 3/3
  1378 | D:2      | Reached skill level 5 in Long Blades
  2315 | D:3      | Noticed Robin
  2348 | D:3      | Killed Robin
  2348 | D:3      | Reached XP level 5. HP: 13/47 MP: 4/4
  2638 | D:3      | Noticed Sigmund
  2659 | D:3      | Killed Sigmund
  2659 | D:3      | Reached skill level 5 in Fighting
  2659 | D:3      | Reached skill level 6 in Long Blades
  2659 | D:3      | Reached XP level 6. HP: 51/56 MP: 5/5
  3585 | D:4      | Reached skill level 7 in Long Blades
  3585 | D:4      | Reached skill level 5 in Dodging
  3585 | D:4      | Reached XP level 7. HP: 26/61 MP: 6/6
  3885 | D:4      | Found a staircase to the Ecumenical Temple.
  3898 | Temple   | Entered the Ecumenical Temple
  4382 | D:5      | Entered Level 5 of the Dungeon
  4609 | D:5      | Found a sacrificial altar of Ru.
  4788 | D:5      | Found a burning altar of Makhleb.
  4791 | D:5      | Found an ancient bone altar of Kikubaaqudgha.
  4794 | D:5      | Found a glowing silver altar of Zin.
  4797 | D:5      | Found a shattered altar of Ashenzari.
  4887 | D:5      | Reached skill level 8 in Long Blades
  4985 | D:5      | Reached XP level 8. HP: 70/70 MP: 7/7
  5299 | D:5      | Became a worshipper of Makhleb the Destroyer
  5299 | D:5      | Reached * piety under Makhleb
  5299 | D:5      | Reached ** piety under Makhleb
  5567 | D:6      | Slain by an orc warrior

Skill      XL: |  1  2  3  4  5  6  7  8 |
---------------+-------------------------+-----
Long Blades    | 4 5 6 7 8 |  8.7
Fighting       | 4 5 6 |  6.5
Armour         | 1 2 3 4 |  4.7
Dodging        | 4 5 6 |  6.0
Stealth        | |  1.5

Action                   |  1- 3 |  4- 6 |  7- 9 || total
-------------------------+-------+-------+-------++-------
Melee: Falchion          |    55 |   183 |   156 ||   394
       Headbutt          |     6 |    29 |    39 ||    74
  Use: Scroll            |       |     6 |       ||     6
       Potion            |       |     2 |       ||     2
 Stab: Sleeping          |     6 |     6 |       ||    12
  Eat: Chunk             |     1 |    22 |     6 ||    29
Armor: Robe              |     7 |    15 |       ||    22
       Scale mail        |       |    33 |    54 ||    87
Dodge: Dodged            |    36 |   116 |    76 ||   228
       Rpst.: Falchion   |     9 |    27 |    26 ||    62
